 Dungeon Crawl Stone Soup version 0.32-a0-468-g38b2580584 (webtiles) character file.

Game seed: 10773152242718715655

143 CougarLife the Trooper (level 5, -2/34 HPs)
             Began as a Gargoyle Berserker on Feb 24, 2024.
             Was a Believer of Trog.
             Splashed by a jelly's acid (8 damage)
             ... on level 4 of the Dungeon.
             The game lasted 00:03:39 (2608 turns).

CougarLife the Trooper (Gargoyle Berserker)         Turns: 2608, Time: 00:03:40

Health: -2/34      AC: -4    Str: 23    XL:     5   Next: 25%
Magic:  5/5        EV: 12    Int:  7    God:    Trog [**....]
Gold:   127        SH:  0    Dex: 15    Spells: 4/4 levels left

rFire   . . .        a - +0 hand axe
rCold   . . .        (no shield)
rNeg    + . .        b - +0 animal skin
rPois   ∞            c - +0 helmet
rElec   +            (no cloak)
rCorr   .            (no gloves)
SInv    .            (no boots)
Will    .....        (no amulet)
Stlth   +            i - +6 ring of dexterity
HPRegen 0.25/turn    (no ring)
MPRegen 0.09/turn

%: no passive effects
@: corroded
A: sickness immunity, AC +4, negative energy resistance 1, electricity
resistance, torment resistance 1, petrification resistance
a: Renounce Religion, Berserk, Trog's Hand


You were on level 4 of the Dungeon.
You worshipped Trog.
Trog was pleased with you.
You visited 1 branch of the dungeon, and saw 4 of its levels.

You collected 127 gold pieces.

Inventory:

Hand Weapons
 a - a +0 hand axe (weapon)
Armour
 b - a +0 animal skin (worn)
 c - a +0 helmet (worn)
Jewellery
 i - a +6 ring of dexterity (left hand)
 k - a ring of positive energy
Scrolls
 d - a scroll of vulnerability {unknown}
 f - 5 scrolls of identify {unknown}
 h - 4 scrolls of fear {unknown}
 j - 2 scrolls of blinking {unknown}
 l - a scroll of noise {unknown}
 p - a scroll of fog {unknown}
 q - a scroll of immolation {unknown}
 s - a scroll of amnesia {unknown}
 t - a scroll of torment {unknown}
Potions
 e - a potion of resistance {unknown}
 g - a potion of heal wounds {unknown}
 m - a potion of brilliance {unknown}
 n - 2 potions of curing {unknown}
 o - 2 potions of haste {unknown}
 r - a potion of ambrosia {unknown}


   Skills:
 + Level 4.4 Fighting
 * Level 4.4 Axes
 - Level 2.1 Armour
 - Level 2.0 Dodging


You had 4 spell levels left.
You didn't know any spells.
Your spell library was empty.

Dungeon Overview and Level Annotations

Branches:
Dungeon (4/15)
 Temple: D:4-7

Altars:
Makhleb

Shops:
D:2 =


Innate Abilities, Weirdness & Mutations

You are immune to sickness and miasma.
Your stone body is resilient. (AC +4)
You are immune to poison.
You resist negative energy. (rN+)
You are resistant to electric shocks. (rElec)
You are resistant to unholy torment.
You are immune to petrification.


Message History

Trog accepts your kill.
The jackal bites you but does no damage. x2
You hit the jackal but do no damage. You hit the jackal.
The jackal closely misses you. The jackal bites you.
You slash the jackal!
You kill the jackal!
Trog accepts your kill.
You hit the jackal. You barely miss the jackal.
The jackal completely misses you. The jackal bites you.
The jackal closely misses you.
The jackal bites you but does no damage.
You hit the jackal.
You kill the jackal!
Trog accepts your kill.
You hit the jackal.
You kill the jackal!
Trog accepts your kill.
No target in view!
No target in view!
A jelly comes into view.
A jelly is nearby!
You see here a jackal corpse.
The jelly quivers.
The jelly hits you. The acid corrodes you!
You are splashed with acid!
You hit the jelly.
Your hands burn!
The jelly is moderately wounded.
The jelly closely misses you.
You hit the jelly.
Your hands burn!
The jelly is moderately wounded.
The jelly hits you.
You are splashed with acid!
You are too injured to fight recklessly!
A jelly is nearby!
You are too injured to fight recklessly!
You hit the jelly. The acid corrodes you!
Your hands burn!
* * * LOW HITPOINT WARNING * * *
The jelly is heavily wounded.
The jelly hits you.
* * * LOW HITPOINT WARNING * * *
The acid corrodes you!
You are splashed with acid!
You die...

#######
#.....#
#....<#
#.....#
###..#########
#..#.>.....#
+..'†.@J.#
#..#.....#
##+#.....#
......!#
........#
........?.#
.....###+##
.####


You could see a jelly.

Vanquished Creatures
  3 gnolls (D:3)
  An adder (D:3)
  2 dart slugs
  3 ribbon worms (D:2)
  9 orcs (D:3)
  2 endoplasms (D:2)
  4 giant cockroaches
  10 goblins
  6 hobgoblins
  12 jackals
  3 kobolds (D:1)
  A quokka (D:3)
  4 ball pythons
  6 bats
  3 frilled lizards (D:1)
  6 rats
75 creatures vanquished.

Vanquished Creatures (others)
  2 orc wizards (D:3)
2 creatures vanquished.

Grand Total: 77 creatures vanquished

Notes
Turn   | Place    | Note
-------+----------+-------------------------------------------
     0 | D:1      | CougarLife the Gargoyle Berserker began the quest for the
                  | Orb.
     0 | D:1      | Reached XP level 1. HP: 14/14 MP: 1/1
   162 | D:1      | Reached XP level 2. HP: 19/19 MP: 2/2
   785 | D:2      | Reached XP level 3. HP: 23/23 MP: 3/3
   879 | D:2      | Found a faded altar of an unknown god.
   882 | D:2      | Reached ** piety under Trog
  1065 | D:2      | Found Bydewn's Jewellery Emporium.
  1413 | D:3      | Reached XP level 4. HP: 29/29 MP: 4/4
  2017 | D:3      | Reached XP level 5. HP: 33/33 MP: 5/5
  2303 | D:3      | Found a burning altar of Makhleb.
  2608 | D:4      | Splashed by a jelly's acid

Illustrated notes

Levels and vault maps discovered:
D:1:      lemuel_arrival_tunnels, layout_rooms, nrook_mini_backslash,
          grunt_decor_fettered, roderic_roman_lattice,
          hangedman_abyss_or_decor_stabs, minmay_misc_feat_plants
D:2:      layout_basic, serial_shops, shop, hellmonk_ecumenical_altar_dog_temple
D:3:      layout_basic, lemuel_coloured_pillars_altar
D:4:      layout_gridville, minmay_temple_entry_stoned_glass, serial_shops,
          nicolae_shop_pleasant_corner_grove, hangedman_decor_clover_reticule

Skill      XL: |  1  2  3  4 |
---------------+-------------+-----
Dodging        | 2 |  2.0
Axes           | 3 4 |  4.4
Fighting       | 4 |  4.4
Armour         | |  2.1

Action                     |  1- 3 |  4- 6 || total
---------------------------+-------+-------++-------
  Melee: Hand axe          |   130 |   102 ||   232
 Invoke: Berserk           |     1 |     3 ||     4
 Armour: Animal skin       |    76 |    71 ||   147
  Dodge: Dodged            |    78 |    75 ||   153

Table legend: (Time is in decaauts)
 A = Elapsed time spent in this place.
 B = Non-inter-level travel time spent in this place.
 C = Inter-level travel time spent in this place.
 D = Time resting spent in this place.
 E = Time spent auto-exploring this place.
 F = Levels seen in this place.
 G = Mean time per level.
                   A        B        C        D        E       F      G
               +--------+--------+--------+--------+--------+-----+--------+
         Total |   2678 |   2567 |    111 |    436 |   1585 |   4 |  669.5 |
       Dungeon |   2678 |   2567 |    111 |    436 |   1585 |   4 |  669.5 |
               +--------+--------+--------+--------+--------+-----+--------+

Top non-repeatable levels by time:
     D:3: 1265 daAuts
     D:1: 807 daAuts
     D:2: 582 daAuts
     D:4: 22 daAuts
